 Dungeon Crawl Stone Soup version 0.19-a0-1773-gaa448fe (webtiles) character file.

114 DevlanMud the Slasher (level 4, -4/38 HPs)
             Began as a Draconian Fighter on Oct 15, 2016.
             Slain by Grinder (5 damage)
             ... while paralysed by Grinder
             ... on level 3 of the Dungeon.
             The game lasted 00:05:12 (1849 turns).

DevlanMud the Slasher (Draconian Fighter)           Turns: 1849, Time: 00:05:12

Health: -4/38      AC:  7    Str: 24    XL:     4   Next: 67%
Magic:  4/4        EV:  2    Int:  9    God:
Gold:   102        SH:  0    Dex:  8    Spells: 0 memorised, 3 levels left

rFire  . . .     SeeInvis .     a - +0 long sword
rCold  . . .     Gourm    .     (armour unavailable)
rNeg   . . .     Faith    .     b - +0 shield
rPois  .         Spirit   .     (helmet restricted)
rElec  .         Dismiss  .     p - +0 cloak
rCorr  +         Reflect  +     n - +0 pair of gloves
MR     .....     Harm     .     (no boots)
Stlth  +.........               h - +4 amulet of reflection
                                r - ring of resist corrosion
                                i - -2 ring of dexterity (curse)

@: paralysed, mighty
A: unfitting armour, cold-blooded, AC +5
a: no special abilities


You were on level 3 of the Dungeon.
You were not hungry.

You visited 1 branch of the dungeon, and saw 3 of its levels.

You collected 102 gold pieces.

Inventory:

Hand Weapons
 a - a +0 long sword (weapon)
Armour
 b - a +0 shield (worn)
 n - a +0 pair of gloves (worn)
 p - a +0 cloak (worn)
Jewellery
 h - a +4 amulet of reflection (around neck)
 i - a cursed -2 ring of dexterity (left hand)
 k - an uncursed amulet of faith
 r - a ring of resist corrosion (right hand)
Scrolls
 g - a scroll of amnesia {unknown}
 o - a scroll of noise {unknown}
 q - a scroll of identify
Potions
 c - a potion of might
 e - a potion of berserk rage
 j - a potion of heal wounds
 l - 2 potions of curing
 m - a potion of agility {unknown}
Comestibles
 d - 2 bread rations
 f - 4 chunks of flesh
 s - 2 fruits


   Skills:
 - Level 3.2 Fighting
 * Level 4.2 Long Blades
 - Level 2.6 Dodging
 + Level 4.0 Shields


You had 3 spell levels left.
You didn't know any spells.

Dungeon Overview and Level Annotations

Branches:
Dungeon (3/15)

Altars:
The Shining One

Annotations:
D:3 Grinder


Innate Abilities, Weirdness & Mutations

Your plain brown scales are hard. (AC +5)
You cannot fit into any form of body armour.
You are cold-blooded and may be slowed by cold attacks.


Message History

You slash Grinder!
Grinder is moderately wounded.
Grinder hits you.
You writhe in agony.
You slice Grinder!!
Grinder is severely wounded.
Grinder gestures at you. Pain shoots through your body!
* * * LOW HITPOINT WARNING * * *
You hit Grinder.
Grinder is almost dead.
Grinder gestures at you.
You suddenly lose the ability to move!
Grinder gestures at you. You resist with significant effort.
Grinder gestures at you.
You shrug off the repeated paralysis!
Grinder hits you.
* * * LOW HITPOINT WARNING * * *
You writhe in agony.
You die...

###.##.>.
##<......#
##......#.#
#....##.#
#####....# #
#)....#.##
#######.#..#..#
#.........##.##
#.#####@###..# #.
###5##..### ##.
##..........
#..##...........
#....#.......#
##............#
##.......#.....#
##..............#
?#..........####..


You could see Grinder.

Vanquished Creatures
  Crazy Yiuf (D:2)
  Ijyb (D:2)
  2 adders
  2 dart slugs
  A giant cockroach (D:1)
  4 goblins
  6 hobgoblins
  5 jackals
  7 bats
  6 frilled lizards
  3 kobolds
  3 rats (D:2)
41 creatures vanquished.

Notes
Turn   | Place    | Note
-------+----------+-------------------------------------------
     0 | D:1      | DevlanMud the Draconian Fighter began the quest for the Orb.
     0 | D:1      | Reached XP level 1. HP: 19/19 MP: 1/1
   256 | D:1      | Reached XP level 2. HP: 25/26 MP: 2/2
   814 | D:2      | Found a glowing golden altar of the Shining One.
   946 | D:2      | Noticed Ijyb
   967 | D:2      | Killed Ijyb
   967 | D:2      | Reached XP level 3. HP: 20/31 MP: 3/3
  1530 | D:2      | Reached XP level 4. HP: 38/38 MP: 4/4
  1681 | D:2      | Found a runed door.
  1685 | D:2      | Noticed Crazy Yiuf
  1691 | D:2      | Killed Crazy Yiuf
  1824 | D:3      | Noticed Grinder
  1846 | D:3      | Paralysed by Grinder for 5 turns
  1849 | D:3      | HP: 1/38 [Grinder (6)]
  1849 | D:3      | Slain by Grinder

Vault maps used:
D:1:      onia_arrival_mini_spirals
D:2:      overflow_temple_1_default, uniq_iyjb, uniq_crazy_yiuf_cottage
D:3:      uniq_grinder, uniq_natasha

Skill      XL: |  1  2  3  4 |
---------------+-------------+-----
Long Blades    | 3 4 |  4.2
Shields        | 4 |  4.0
Fighting       | |  3.2
Dodging        | |  2.6

Action                   |  1- 3 |  4- 6 || total
-------------------------+-------+-------++-------
Melee: Long sword        |   135 |    33 ||   168
       Tailslap          |     8 |     1 ||     9
  Use: Scroll            |     2 |     1 ||     3
       Potion            |     2 |     2 ||     4
  Eat: Chunk             |     3 |     2 ||     5
Armor: Skin              |    39 |     2 ||    41
Dodge: Dodged            |    67 |     5 ||    72
Block: Shield            |    90 |    19 ||   109
       Reflection        |     4 |       ||     4
